AoeStats
← eleven

Arena

509014172Analyzed
4v4 RM · 6d ago on Sep 25, 2026· 40m 14s· 8 players
Game mode
Random Map
Map size
Large (8 player)
Population
200
Speed
Normal
Resources
Standard
Victory
Conquest
Starting age
Dark Age
Ending age
Imperial Age
RankedLock teamsTeams togetherTeam positionsShared explorationLock speedFull tech treeHidden civsTurbo modeCheats
Victory
Defeat
🇲🇽 Turks · Mexico
953
+34
🇲🇽 Spanish · Mexico
913
+14
🇺🇸 Bohemians · United States
896
+14
🇨🇳 Burgundians · China
894
+15
🇺🇸 Khmer · United States
888
-15
🇨🇳 Bohemians · China
877
-14
🇦🇷 Persians · Argentina
856
-13
🇧🇷 Romans · Brazil
852
-13
LV Chris R7
2:13 Loom
11:51 Feudal Age
18:54 Castle Age
17:58 Double-Bit Axe
17:56 Horse Collar
23:53 Heavy Plow
30:44 Wheelbarrow
37:26 Imperial Age
36:31 Squires
38:43 Bow Saw
40:39 Hand Cart
tonnyverygood
4:11 Loom
10:24 Feudal Age
15:18 Castle Age
21:19 Double-Bit Axe
21:35 Horse Collar
24:43 Heavy Plow
25:09 Bow Saw
31:35 Imperial Age
29:50 Wheelbarrow
31:34 Hand Cart
31:13 Gold Mining
31:54 Padded Archer Armor
32:45 Artillery
33:32 Leather Archer Armor
33:06 Elite Janissary
34:45 Ring Archer Armor
35:35 Conscription
39:09 Ballistics
39:03 Scale Barding Armor
39:11 Bloodlines
40:34 Chain Barding Armor
40:17 Husbandry
ferandres99
7:31 Loom
11:10 Feudal Age
16:41 Castle Age
14:48 Double-Bit Axe
15:24 Town Watch
20:11 Fletching
24:12 Horse Collar
27:28 Pikeman
28:50 Squires
30:37 Arson
34:04 Wheelbarrow
38:55 Imperial Age
36:48 Hand Cart
38:09 Heavy Plow
38:21 Bow Saw
39:21 Town Patrol
39:23 Caravan
40:01 Coinage
76561199495878758
9:45 Feudal Age
8:17 Double-Bit Axe
17:39 Castle Age
16:23 Horse Collar
16:55 Bow Saw
17:48 Heavy Plow
20:07 Two-Man Saw
20:16 Husbandry
19:39 Cavalier
20:30 Loom
23:25 Gold Mining
23:27 Stone Mining
24:11 Crop Rotation
23:55 Treadmill Crane
26:25 Wheelbarrow
27:56 Burgundian Vineyards
29:06 Hand Cart
30:34 Stone Shaft Mining
30:39 Gold Shaft Mining
30:18 Caravan
30:32 Guilds
36:31 Imperial Age
33:33 Pikeman
34:13 Squires
34:21 Light Cavalry
39:22 Chemistry
37:45 Elite Coustillier
38:47 Conscription
| LEON | SAPULHA
2:05 Loom
12:19 Feudal Age
18:53 Castle Age
21:21 Man-at-Arms
22:14 Long Swordsman
23:07 Gold Mining
23:08 Double-Bit Axe
23:36 Pikeman
Nadir El Terrible
0:27 Loom
13:05 Feudal Age
13:29 Double-Bit Axe
13:28 Horse Collar
14:52 Wheelbarrow
19:47 Castle Age
19:30 Forging
19:49 Scale Barding Armor
19:37 Fletching
20:54 Padded Archer Armor
21:27 Hand Cart
29:12 Imperial Age
eleven
10:46 Feudal Age
12:05 Wheelbarrow
11:19 Double-Bit Axe
16:18 Castle Age
17:22 Hand Cart
17:12 Stone Mining
17:15 Gold Mining
21:49 Horse Collar
28:21 Scale Barding Armor
28:17 Scale Mail Armor
28:27 Forging
28:23 Light Cavalry
29:13 Bloodlines
29:03 Husbandry
31:26 Iron Casting
31:06 Chain Mail Armor
31:11 Chain Barding Armor
36:48 Imperial Age
36:03 Ballistics
35:54 Masonry
35:55 Fortified Wall
36:43 Pikeman
37:09 Arson
37:57 Double Crossbow
38:18 Heavy Scorpion
38:42 Capped Ram
seven^^
11:39 Feudal Age
16:49 Castle Age
15:58 Double-Bit Axe
16:28 Horse Collar
38:52 Imperial Age
41:15 Chemistry
Connection lost

Rejoining the realm…

Still unreachable

The connection could not be restored.

Session expired

The server has moved on; the page needs a fresh start.